 Dungeon Crawl Stone Soup version 0.17.2 (webtiles) character file.

145 Nekros the Magician (level 5, -1/28 HPs)
             Began as a Deep Elf Wizard on June 5, 2016.
             Killed by divine providence
             ... invoked by an orc priest
              (10 damage)
             ... on level 3 of the Dungeon.
             The game lasted 00:21:42 (4514 turns).

Nekros the Magician (Deep Elf Wizard)               Turns: 4514, Time: 00:21:42

Health: -1/28      AC:  3    Str:  4    XL:     5   Next: 6%
Magic:  2/16       EV: 13    Int: 24    God:
Gold:   161        SH:  0    Dex: 13    Spells: 5 memorised, 6 levels left

rFire  + . .     SeeInvis +     l - +0 dagger
rCold  . . .     Clarity  .     a - +0 robe
rNeg   . . .     SustAt   .     (no shield)
rPois  .         Gourm    .     b - +0 hat
rElec  .         Spirit   .     p - +0 cloak
rCorr  .         Warding  .     (no gloves)
rMut   .         Stasis   .     (no boots)
MR     .....                    (no amulet)
Stlth  ++........               n - ring of protection from fire
                                d - ring of see invisible

@: very slightly contaminated, not resistant to hostile enchantments, unstealthy
A: no striking features
a: no special abilities


You were on level 3 of the Dungeon.
You were not hungry.

You visited 1 branch of the dungeon, and saw 3 of its levels.

You collected 161 gold pieces.

Inventory:

Hand Weapons
 l - a +0 dagger (weapon)
Missiles
 m - 32 arrows
Armour
 a - a +0 robe (worn)
 b - a +0 hat (worn)
 p - a +0 cloak (worn)
Jewellery
 d - a ring of see invisible (left hand)
 n - a ring of protection from fire (right hand)
 o - an uncursed ring of wizardry {unknown}
Scrolls
 e - a scroll of random uselessness {unknown}
 f - 2 scrolls of enchant weapon
 i - 3 scrolls of remove curse
 s - a scroll of blinking {unknown}
 t - 4 scrolls of identify
Potions
 g - 4 potions of curing {unknown}
 h - a potion of agility {unknown}
 j - a potion of might {unknown}
 q - a potion of berserk rage {unknown}
 r - a potion of flight {unknown}
Books
 c - a book of Minor Magic

   Spells                             Type                      Level
   a - Magic Dart                     Conjuration                  1
   b - Blink                          Translocation                2
   c - Call Imp                       Summoning                    2
   d - Repel Missiles                 Charms/Air                   2
   e - Slow                           Hexes                        2
   f - Conjure Flame                  Conjuration/Fire             3
   g - Mephitic Cloud                 Conjuration/Poison/Air       3
Comestibles
 k - a meat ration


   Skills:
 * Level 3.4 Dodging
 - Level 2.9 Stealth
 - Level 6.7 Spellcasting
 * Level 2.1 Conjurations
 - Level 1.1 Summonings
 - Level 1.1 Translocations


You had 6 spell levels left.
You knew the following spells:

 Your Spells              Type           Power        Failure   Level  Hunger
a - Magic Dart            Conj           ###.         3%          1    None
b - Blink                 Tloc           N/A          10%         2    None
c - Call Imp              Summ           ##......     10%         2    None
d - Conjure Flame         Conj/Fire      ##......     17%         3    None
e - Mephitic Cloud        Conj/Pois/Air  ##......     21%         3    None


Dungeon Overview and Level Annotations

Branches:
Dungeon (3/15)

Altars:


Message History

* * * LOW HITPOINT WARNING * * *
Your crimson imp blinks!
What do you say? t - Shout!
Orders for allies: a - Attack new target. r - Retreat! s - Stop attacking. w - Wait here. f - Follow me.
Anything else - Stay silent.
Gang up on whom?
Press: ? - help, Dir - move target cursor, f - orc priest
Aim: an orc priest, wearing a runed ring mail (lightly wounded) Attack!
The orc priest hits your crimson imp.
Your crimson imp closely misses the orc priest.
The orc priest hits your crimson imp but does no damage.
Your crimson imp barely misses the orc priest.
Something hits your crimson imp.
The orc priest calls down the wrath of Beogh upon you.
Something smites you!
You die...

....#
######### #.
....#
#..5..o.# #.
....#
#o#####o# #.
....# #.#
#.# #. ....#
#.# #.# #.
....# #o#
#.# #.
....######o#
#.# #.
....)o.o...#
#.###### #.
############
#@.....# #.
..# #####.##
#. #.# #.#
#. #.# #.#
#. #.# #.#
#. #.#
#.####### #.
#.#
#.#.....# #.
#.#
#.#.###.# #.
#.# #.#.#
#.# #.


You could see an orc priest and an orc.

Vanquished Creatures
  4 adders
  6 giant geckos
  5 orcs (D:3)
  A ball python (D:2)
  13 goblins
  5 hobgoblins
  11 jackals
  A quokka (D:2)
  10 bats
  6 giant cockroaches
  4 giant newts
  6 kobolds
  11 rats
83 creatures vanquished.

Vanquished Creatures (collateral kills)
  4 adders
  A hobgoblin (D:2)
5 creatures vanquished.

Grand Total: 88 creatures vanquished

Notes
Turn   | Place    | Note
--------------------------------------------------------------
     0 | D:1      | Nekros the Deep Elf Wizard began the quest for the Orb.
     0 | D:1      | Reached XP level 1. HP: 10/10 MP: 7/7
   414 | D:1      | Reached skill level 5 in Spellcasting
   523 | D:1      | Reached XP level 2. HP: 10/15 MP: 7/10
   547 | D:1      | Learned a level 2 spell: Blink
   550 | D:1      | Learned a level 2 spell: Call Imp
  1305 | D:2      | Reached XP level 3. HP: 7/19 MP: 0/12
  1497 | D:2      | Learned a level 3 spell: Conjure Flame
  1501 | D:2      | Learned a level 3 spell: Mephitic Cloud
  1557 | D:2      | Reached skill level 6 in Spellcasting
  2313 | D:2      | Reached XP level 4. HP: 20/24 MP: 5/14
  4185 | D:3      | Reached XP level 5. HP: 28/28 MP: 14/16
  4514 | D:3      | Killed from afar by an orc priest

Action                   |  1- 3 |  4- 6 || total
-------------------------+-------+-------++-------
Melee: Dagger            |    17 |    11 ||    28
       Whip              |     1 |       ||     1
 Cast: Magic Dart        |   103 |    75 ||   178
       Call Imp          |     9 |    13 ||    22
       Blink             |     2 |     4 ||     6
       Conjure Flame     |       |     2 ||     2
       Mephitic Cloud    |       |     2 ||     2
  Use: Scroll            |     5 |       ||     5
 Stab: Sleeping          |     2 |       ||     2
  Eat: Bread ration      |     1 |     1 ||     2
       Meat ration       |       |     1 ||     1
